 Dungeon Sprint DCSS version 0.27.1-33-g824d729ab1 (webtiles) character file.

Game seed: 10264306614496190267

3858 manyhoops the Spry (level 10, -2/80 HPs)
             Began as a Merfolk Gladiator on Nov 24, 2021.
             Was a Follower of Hepliaklqana.
             Slain by a demonic crawler (10 damage)
             ... in the Dungeon (Sprint I: "Red Sonja").
             The game lasted 00:09:09 (3595 turns).

manyhoops the Spry (Merfolk Gladiator)              Turns: 3595, Time: 00:09:10

Health: -2/80      AC:  9    Str: 15 (17) XL:     10   Next: 18%
Magic:  10/10      EV: 19    Int:  9 (10) God:    Hepliaklqana [*.....]
Gold:   342        SH:  0    Dex: 14 (17) Spells: 9/9 levels left

rFire    . . .     SeeInvis .   a - +0 trident
rCold    . . .     Faith    .   (no shield)
rNeg     . . .     Spirit   .   n - +0 troll leather armour
rPois    .         Reflect  .   l - +2 helmet {Int+3}
rElec    .         Harm     .   (no cloak)
rCorr    .         Rampage  .   (no gloves)
Will     .....     NoTele   +   (no boots)
Stlth    +.........             (no amulet)
HPRegen  1.23/turn              (no ring)
MPRegen  0.12/turn              (no ring)

@: flying (expiring)
A: reduced essence, (nimble swimmer 2), mertail
a: Renounce Religion, Recall Ancestor, Ancestor Identity


You were in the Dungeon.
You worshipped Hepliaklqana.
Hepliaklqana was aware of your devotion.
You visited 1 branch You collected 621 gold pieces.
You spent 279 gold pieces at shops.

Inventory:

Hand Weapons
 a - a +0 trident (weapon)
Missiles
 m - 2 curare-tipped darts
 o - 7 poisoned darts (quivered)
Armour
 b - a +0 leather armour
 k - a +0 scale mail
 l - a +2 helmet of intelligence (worn)
 n - a +0 troll leather armour (worn)
Jewellery
 i - a ring of ice
Scrolls
 p - a scroll of identify {unknown}
Potions
 e - a potion of curing
 h - 2 potions of magic


   Skills:
 * Level 11.7 Fighting
 - Level 14.7 Polearms
 - Level 2.0 Throwing
 * Level 10.6 Armour
 * Level 15.0 Dodging


You had 9 spell levels left.
You didn't know any spells.
Your spell library was empty.

Dungeon Overview and Level Annotations

Branches:
Dungeon (1/1)

Altars:
Cheibriados
Dithmenos
Elyvilon
Fedhas
Gozag
Hepliaklqana
Kikubaaqudgha
Makhleb
Nemelex Xobeh
Okawaru
Qazlal
Ru
Sif Muna
Trog
Uskayaw
Vehumet
Wu Jian
Xom
Yredelemnul
Zin
The Shining One
Jiyva
Lugonu

Shops:
D ([


Innate Abilities, Weirdness & Mutations

Your life essence is reduced to manifest your ancestor. (-10% HP)
((You are quick and stealthy near water. (Stealth+, EV+, Speed+++)))
Your lower body shifts to a powerful aquatic tail in water.


Message History

The demonic crawler closely misses you. The demonic crawler hits you.
* * * LOW HITPOINT WARNING * * *
There is an open door, spattered with blood here.
The demonic crawler hits you.
* * * LOW HITPOINT WARNING * * *
The demonic crawler barely misses you. The demonic crawler closely misses you.
You are starting to lose your buoyancy.
The demonic crawler hits you.
* * * LOW HITPOINT WARNING * * *
The demonic crawler completely misses you.
The demonic crawler closely misses you.
There is an entrance to Urogigav's Armour Emporium here.
You see here a +0 helmet.
Unknown command.
There are monsters nearby!
There are monsters nearby!
There are monsters nearby!
There are monsters nearby!
There are monsters nearby!
There are monsters nearby!
There are monsters nearby!
There are monsters nearby!
There are monsters nearby!
There are monsters nearby!
There are monsters nearby!
There are monsters nearby!
There are monsters nearby!
There are monsters nearby!
There are monsters nearby!
There are monsters nearby!
There are monsters nearby!
There are monsters nearby!
There are monsters nearby!
You hit the demonic crawler but do no damage.
The demonic crawler is lightly wounded.
The demonic crawler hits you but does no damage.
The demonic crawler misses you. The demonic crawler barely misses you.
The demonic crawler hits you but does no damage. x2
The demonic crawler hits you!
You die...

######################
#§.#..)..#..(..#__#..)
#.s'..#.s').#..'..'..#
#.s#####'#####s#__####
#..####..#...#§####§.#
#..#__####..##.#§§§§.#
#..#_____##'#_)§≈§§§§+
#⌠⌠#_.∩...'..)_#§≈§§§#
####_@ss_##_.#'##+####
#__s__###'#.#
############)####+###
#∩........'...÷.....+
###++++####...#######
##.## #+#


You could see 3 demonic crawlers.

Vanquished Creatures
  2 centaur warriors (D)
  Sonja (D)
  A deep troll (D)
  2 kobold demonologists (D)
  A demonic crawler (D)
  A slime creature (D)
  Sigmund (D)
  A yak (D)
  A floating eye (D)
  An ogre (D)
  A jelly (D)
  Ijyb (D)
14 creatures vanquished.

Vanquished Creatures (others)
  A gargoyle (D)
  2 ancestors (D)
3 creatures vanquished.

Grand Total: 17 creatures vanquished

Notes
Turn   | Place    | Note
-------+----------+-------------------------------------------
     0 | D        | manyhoops the Merfolk Gladiator began the quest for the
                  | Orb.
     0 | D        | Reached XP level 1. HP: 16/16 MP: 1/1
     2 | D        | Noticed Ijyb
    39 | D        | Killed Ijyb
    40 | D        | Reached XP level 2. HP: 20/22 MP: 2/2
    40 | D        | Reached XP level 3. HP: 24/27 MP: 3/3
   233 | D        | Killed a gargoyle
   377 | D        | Noticed an ogre
   387 | D        | Killed an ogre
   388 | D        | Reached XP level 4. HP: 33/33 MP: 4/4
   398 | D        | Noticed Sigmund
   417 | D        | Killed Sigmund
   418 | D        | Reached skill level 8 in Dodging
   418 | D        | Reached XP level 5. HP: 39/43 MP: 5/5
   418 | D        | Reached XP level 6. HP: 44/49 MP: 6/6
   455 | D        | Found a shimmering blue altar of Sif Muna.
   456 | D        | Found an ornate altar of the Wu Jian Council.
   457 | D        | Found a radiant altar of Vehumet.
   493 | D        | Found a viscous altar of Jiyva.
   493 | D        | Found a corrupted altar of Lugonu.
   493 | D        | Noticed a slime creature
   494 | D        | Found a burning altar of Makhleb.
   494 | D        | Found a shimmering altar of Xom.
   519 | D        | Killed a slime creature
   520 | D        | Reached skill level 10 in Dodging
   520 | D        | Reached XP level 7. HP: 39/58 MP: 7/7
   638 | D        | Noticed a centaur warrior
   647 | D        | Noticed a centaur warrior
  1817 | D        | Found Urogigav's Armour Emporium.
  1817 | D        | Found an ancient bone altar of Kikubaaqudgha.
  1817 | D        | Found a hazy altar of Hepliaklqana.
  1817 | D        | Found a stormy altar of Qazlal.
  1817 | D        | Found a hide-covered altar of Uskayaw.
  1817 | D        | Found a blossoming altar of Fedhas.
  1817 | D        | Found a bloodstained altar of Trog.
  1817 | D        | Found an iron altar of Okawaru.
  1817 | D        | Found a basalt altar of Yredelemnul.
  1817 | D        | Found a glowing golden altar of the Shining One.
  1817 | D        | Found a snail-covered altar of Cheibriados.
  1817 | D        | Found a sacrificial altar of Ru.
  1817 | D        | Found a glowing silver altar of Zin.
  1817 | D        | Found a shadowy altar of Dithmenos.
  1817 | D        | Found a white marble altar of Elyvilon.
  1817 | D        | Noticed a yak
  1826 | D        | Killed a yak
  1827 | D        | Reached skill level 11 in Dodging
  1827 | D        | Found an opulent altar of Gozag.
  1828 | D        | Found a sparkling altar of Nemelex Xobeh.
  1834 | D        | Became a worshipper of Hepliaklqana the Forgotten
  2334 | D        | Bought a +2 helmet of intelligence for 279 gold pieces
  2604 | D        | Noticed Sonja
  2611 | D        | Killed Sonja
  2612 | D        | Reached skill level 12 in Dodging
  2612 | D        | Reached XP level 8. HP: 69/69 MP: 8/8
  2859 | D        | Noticed a deep troll
  2872 | D        | Killed a deep troll
  2873 | D        | Reached skill level 13 in Dodging
  2873 | D        | Reached XP level 9. HP: 42/77 MP: 9/9
  3098 | D        | Found Ifoklida's Weapon Boutique.
  3154 | D        | Killed a centaur warrior
  3155 | D        | Reached skill level 10 in Fighting
  3155 | D        | Reached skill level 14 in Dodging
  3167 | D        | Killed a centaur warrior
  3249 | D        | Noticed a kobold demonologist
  3252 | D        | Noticed a kobold demonologist
  3259 | D        | Killed a kobold demonologist
  3260 | D        | Reached skill level 10 in Armour
  3271 | D        | Noticed an orange demon
  3271 | D        | Killed a kobold demonologist
  3272 | D        | Reached XP level 10. HP: 88/88 MP: 10/10
  3274 | D        | Paralysed by a floating eye for 3 turns
  3490 | D        | Reached * piety under Hepliaklqana
  3533 | D        | Reached skill level 15 in Dodging
  3590 | D        | HP: 4/80 [demonic crawler (6)]
  3595 | D        | Slain by a demonic crawler

Illustrated notes

Levels and vault maps discovered:
D:        dungeon_sprint_1 [red_sonja_temple_1, red_sonja_temple_small_1]

Skill      XL: |  1  2  3  4  5  6  7  8  9 10 |
---------------+-------------------------------+-----
Polearms       | 9 13 14 | 14.7
Fighting       | 4 6 8 9 11 | 11.7
Dodging        | 8 10 12 13 14 15 | 15.0
Armour         | 2 6 7 10 | 10.6
Throwing       | |  2.0

Action                   |  1- 3 |  4- 6 |  7- 9 | 10-12 || total
-------------------------+-------+-------+-------+-------++-------
Melee: Unarmed           |    11 |       |       |       ||    11
       Trident           |    18 |    37 |    66 |    44 ||   165
Throw: Throwing net      |     3 |       |       |       ||     3
       Dart              |       |       |     9 |     7 ||    16
  Use: Potion            |       |       |     2 |     4 ||     6
       Scroll            |       |       |       |     1 ||     1
 Stab: Held in net/web   |     2 |       |       |       ||     2
Armor: Scale mail        |       |     8 |     4 |       ||    12
       Troll leather arm |       |       |    21 |    37 ||    58
Dodge: Dodged            |     5 |     2 |    38 |   128 ||   173
